 Dungeon Crawl Stone Soup version 0.20.1-1-g8b1a95d (webtiles) character file.

18431 Jannitor the Fighter (level 12, -15/129 (131) HPs)
             Began as an Ogre Fire Elementalist on July 3, 2017.
             Demolished by a jumping spider (16 damage)
             ... on level 2 of the Lair of Beasts on July 4, 2017.
             The game lasted 00:53:38 (20073 turns).

Jannitor the Fighter (Ogre Fire Elementalist)      Turns: 20073, Time: 00:53:38

HP:   -15/129 (131) AC:  8    Str: 15    XL:     12   Next: 58%
MP:   11/26         EV:  6    Int: 20    God:
Gold: 418           SH:  0    Dex:  9    Spells: 5/32 levels left

rFire    . . .     SeeInvis .   j - +0 quarterstaff (chaos)
rCold    . . .     Gourm    .   (shield currently unavailable)
rNeg     . . .     Faith    .   I - +2 robe {MR+}
rPois    +         Spirit   .   (helmet restricted)
rElec    .         Reflect  .   k - +0 cloak {rPois}
rCorr    .         Harm     +   (gloves unavailable)
MR       ++...                  (boots unavailable)
Stlth    +.........             J - amulet of harm
Regen    0.4/turn               d - ring of wizardry
MPRegen  0.2/turn               G - +5 ring of slaying

@: death channel, very slightly contaminated, held, hasted, very quick
A: unfitting armour, large bone plates 1, thin metallic scales 1, mutation
resistance 1, tough skin 1, subdued magic 1
a: no special abilities


You were on level 2 of the Lair of Beasts.
You were very hungry.

You visited 3 branches of the dungeon, and saw 13 of its levels.
You also visited: Ossuary.

You collected 958 gold pieces.
You spent 540 gold pieces at shops.

Inventory:

Hand Weapons
 j - a +0 quarterstaff of chaos (weapon)
 Z - the +6 trident of Ivaxzie {pierce, rElec Int+4 Dex+2}
   (You found it on level 10 of the Dungeon)

   It inflicts extra damage upon your enemies.
   It affects your intelligence (+4).
   It affects your dexterity (+2).
   It insulates you from electricity.
Missiles
 p - a throwing net (quivered)
Armour
 k - a +0 cloak of poison resistance (worn)
 I - a +2 robe of magic resistance (worn)
 V - a +0 troll leather armour
Magical Staves
 y - an uncursed staff of poison
Jewellery
 d - a ring of wizardry (left hand)
 r - an uncursed ring of flight
 F - an uncursed ring of ice
 G - a +5 ring of slaying (right hand)
 J - an amulet of harm (around neck)
 T - an uncursed ring of magical power
Wands
 a - a wand of acid (5/15)
 z - a wand of disintegration (11/24)
 X - a wand of digging (14/24)
Scrolls
 e - 5 scrolls of identify
 g - 3 scrolls of amnesia
 i - 2 scrolls of remove curse
 o - 6 scrolls of enchant armour
 u - a scroll of fog
 x - 5 scrolls of fear
 H - 3 scrolls of teleportation
 N - 4 scrolls of enchant weapon
 P - a scroll of recharging
 S - 3 scrolls of magic mapping
 W - 2 scrolls of summoning
 Y - 4 scrolls of immolation
Potions
 h - 7 potions of curing
 m - 2 potions of agility
 n - 5 potions of mutation
 t - 2 potions of lignification
 v - 4 potions of heal wounds {unknown}
 w - 4 potions of flight
 D - 3 potions of degeneration {unknown}
 K - a potion of resistance {unknown}
 L - a potion of ambrosia
 M - 2 potions of might
 O - 2 potions of brilliance {unknown}
 U - a potion of magic {unknown}
Books
 b - a book of Flames

   Spells                             Type                      Level
   a - Flame Tongue                   Conjuration/Fire             1
   b - Throw Flame                    Conjuration/Fire             2
   c - Conjure Flame                  Conjuration/Fire             3
   d - Inner Flame                    Hexes/Fire                   3
   e - Sticky Flame                   Conjuration/Fire             4
   f - Fireball                       Conjuration/Fire             5
 s - a book of Callings

   Spells                             Type                      Level
   a - Summon Small Mammal            Summoning                    1
   b - Call Imp                       Summoning                    2
   c - Call Canine Familiar           Summoning                    3
   d - Summon Guardian Golem          Hexes/Summoning              3
   e - Summon Lightning Spire         Summoning/Air                4
   f - Summon Ice Beast               Ice/Summoning                4
 A - a book of Cantrips

   Spells                             Type                      Level
   a - Confusing Touch                Hexes                        1
   b - Animate Skeleton               Necromancy                   1
   c - Summon Small Mammal            Summoning                    1
   d - Apportation                    Translocation                1
 E - the Disquisition on the Doomed Compass
   (You found it on level 5 of the Dungeon)

   Spells                             Type                      Level
   a - Apportation                    Translocation                1
   b - Force Lance                    Conjuration/Translocation    4
   c - Control Undead                 Necromancy                   4
   d - Death Channel                  Necromancy                   6
Comestibles
 c - 5 bread rations
 f - 6 meat rations
 q - 12 fruits
 C - 9 royal jellies


   Skills:
 + Level 11.6 Fighting
 + Level 7.7 Staves
 + Level 6.3 Dodging
 - Level 1.4 Stealth
 + Level 10.8 Spellcasting
 - Level 0.8 Conjurations
 + Level 6.4 Necromancy
 + Level 9.2 Fire Magic


You had 5 spell levels left.
You knew the following spells:

 Your Spells              Type           Power        Failure   Level  Hunger
a - Flame Tongue          Conj/Fire      ###..        1%          1    None
b - Conjure Flame         Conj/Fire      ###.....     1%          3    None
c - Animate Skeleton      Necr           N/A          1%          1    None
d - Inner Flame           Hex/Fire       ###.....     1%          3    None
e - Control Undead        Necr           ####......   1%          4    ##.....
f - Sticky Flame          Conj/Fire      ###.....     2%          4    ##.....
g - Fireball              Conj/Fire      ###.......   8%          5    ####...
h - Death Channel         Necr           ####......   24%         6    ######.


Dungeon Overview and Level Annotations

Branches:
Dungeon (10/15)            Temple (1/1) D:7            Lair (2/6) D:9
 Spider (0/4) Lair:2          Orc (0/2) D:10
  Swamp: Lair:2-4    Shoals: Lair:2-4

Altars:
Ashenzari
Cheibriados
Dithmenos
Elyvilon
Fedhas
Gozag
Hepliaklqana
Kikubaaqudgha
Makhleb
Nemelex Xobeh
Okawaru
Qazlal
Ru
Sif Muna
Trog
Uskayaw
Vehumet
Xom
Yredelemnul
Zin
The Shining One

Shops:
D:7 =   D:9 ?


Innate Abilities, Weirdness & Mutations

You are too large for most types of armour.
You have tough skin. (AC +1)
You are partially covered in large bone plates. (SH +4)
You are partially covered in thin metallic scales. (AC +2)
You are somewhat resistant to further mutation.
Your spells are a little easier to cast, but a little less powerful.


Message History

A glowing mist starts to gather...
The jumping spider leaps!
The jumping spider leaps!
The jumping spider leaps!
The jumping spider leaps!
The jumping spider pounces on you.
* * * LOW HITPOINT WARNING * * *
The jumping spider bites you but does no damage.
The jumping spider pounces on you!
* * * LOW HITPOINT WARNING * * *
You are caught in a web!
The jumping spider bites you but does no damage.
There is a web, spattered with blood here.
You struggle to detach yourself from the web.
The jumping spider pounces on you.
* * * LOW HITPOINT WARNING * * *
You are even more entangled.
The jumping spider bites you.
* * * LOW HITPOINT WARNING * * *
You struggle to detach yourself from the web.
The jumping spider pounces on you!
You die...

.#...........# ...#...
.##..........# # ###....
.^#........### P# ##...
.^##......## ..# #...
^†.##.....####### ..## ##...
#.........##.##.####....# #....
#......................# ####....
................s<^....###..#....
.†..........Z.s.@P#..............
.#####.#...........#.#..##.......
.P# ###..............#####......
..# #..............# #...... .##
#.......#.....## #..#### ..##
#.......P......# #..## # .#.#
#......P....#.######...### ..##
..............#.#..#..###. .P#
#P.....................###.


You could see a wolf spider, a jumping spider and a friendly spectral jumping
spider.

Vanquished Creatures
  A hydra (Lair:1)
  The ghost of Chifra the Fighter, a novice DsGl of Kikubaaqudgha (D:10)
  An oklob plant (D:9)
  Maurice (D:8)
  Joseph (D:8)
  Psyche (D:9)
  3 spiny frogs
  A komodo dragon (D:9)
  A queen bee (D:9)
  2 jumping spiders (Lair:2)
  Prince Ribbit (D:5)
  5 blink frogs
  The ghost of RicketyTrickster the Cutter, an amateur KoBe of Trog (D:4)
  A hippogriff (D:9)
  Sigmund (D:2)
  A wyvern (D:9)
  Grum (D:7)
  7 yaks
  Duvessa (D:6)
  5 water moccasins
  7 orc warriors
  A porcupine (Lair:2)
  2 ice beasts (D:8)
  2 black bears
  4 sky beasts
  5 ogres
  2 phantoms
  3 necrophages
  17 wolves
  4 centaurs
  2 crocodiles (Lair:1)
  A big kobold (D:7)
  5 bullfrogs
  2 gnoll sergeants
  13 scorpions
  23 killer bees
  5 wights
  A centaur zombie (Ossuary)
  3 howler monkeys
  A crimson imp (D:5)
  A bullfrog zombie (D:5)
  9 hounds
  2 quasits
  3 human zombies (Ossuary)
  6 orc priests
  A bullfrog skeleton (D:4)
  A centaur skeleton (D:7)
  A jelly (D:5)
  3 iguanas
  19 orc wizards
  Jessica (D:2)
  Terence (D:3)
  Natasha (thrice) (D:2)
  13 worker ants
  4 big kobold zombies (Ossuary)
  A hound zombie (D:6)
  A hound skeleton (D:8)
  2 mummies (Ossuary)
  Robin (D:2)
  A howler monkey zombie (D:10)
  9 gnolls
  3 scorpion zombies (Ossuary)
  12 adders
  2 shadow imps
  2 oozes (D:1)
  An adder zombie (D:5)
  2 worms
  A dart slug (D:2)
  4 leopard geckos
  46 orcs
  4 giant cockroaches
  14 goblins
  11 hobgoblins
  12 jackals
  14 kobolds
  A quokka (D:5)
  2 ball pythons
  6 bats
  6 frilled lizards
  2 goblin zombies (Ossuary)
  2 hobgoblin zombies (Ossuary)
  2 kobold zombies (Ossuary)
  An orc zombie (Ossuary)
  8 rats
381 creatures vanquished.

Vanquished Creatures (collateral kills)
  A spiny frog (Lair:1)
  2 komodo dragons (Lair:1)
  A troll (D:7)
  A wyvern (Lair:1)
  10 yaks
  A hungry ghost (D:7)
  5 wolves
  A crocodile (Lair:1)
  Dowan (D:6)
  An adder (D:6)
  An adder skeleton (D:6)
  2 orcs
  2 fungi (Lair:1)
  A plant (Lair:1)
30 creatures vanquished.

Vanquished Creatures (others)
  2 scorpions (Ossuary)
  Ijyb (D:4)
  A mummy (Ossuary)
  A fungus (Lair:1)
  A plant (D:9)
6 creatures vanquished.

Grand Total: 417 creatures vanquished

Notes
Turn   | Place    | Note
-------+----------+-------------------------------------------
     0 | D:1      | Jannitor the Ogre Fire Elementalist began the quest for the Orb.
     0 | D:1      | Reached XP level 1. HP: 16/16 MP: 3/3
   107 | D:1      | Reached skill level 1 in Fighting
   107 | D:1      | Reached XP level 2. HP: 26/27 MP: 0/5
   668 | D:1      | Reached XP level 3. HP: 33/33 MP: 3/7
   962 | D:2      | Noticed Natasha
   968 | D:2      | Killed Natasha
   968 | D:2      | Reached skill level 2 in Fighting
  1031 | D:2      | Reached XP level 4. HP: 36/42 MP: 2/8
  1203 | D:2      | Noticed Natasha
  1215 | D:2      | Killed Natasha
  1257 | D:2      | Noticed Natasha
  1397 | D:2      | Killed Natasha
  1397 | D:2      | Reached skill level 3 in Fighting
  1397 | D:2      | Reached XP level 5. HP: 53/53 MP: 1/10
  1777 | D:2      | Noticed Robin
  1840 | D:2      | Killed Robin
  1892 | D:2      | Noticed Sigmund
  1906 | D:2      | Killed Sigmund
  1906 | D:2      | Reached skill level 4 in Fighting
  1906 | D:2      | Reached XP level 6. HP: 36/62 MP: 0/12
  2258 | D:2      | Noticed Jessica
  2276 | D:2      | Killed Jessica
  2758 | D:3      | Learned a level 3 spell: Conjure Flame
  2781 | D:3      | Noticed Terence
  2794 | D:3      | Killed Terence
  2955 | D:3      | Reached XP level 7. HP: 67/71 MP: 6/14
  3418 | D:4      | Reached skill level 5 in Spellcasting
  3469 | D:4      | Noticed RicketyTrickster's ghost (amateur KoBe)
  3514 | D:4      | Killed RicketyTrickster's ghost
  3514 | D:4      | Reached skill level 5 in Fighting
  3514 | D:4      | Reached skill level 5 in Fire Magic
  3977 | D:4      | Reached skill level 6 in Fighting
  4349 | D:4      | Found a shadowy altar of Dithmenos.
  4372 | D:4      | Reached XP level 8. HP: 73/83 MP: 9/16
  4373 | D:4      | Noticed Ijyb
  4388 | D:4      | Gained mutation: Scrolls take you a little longer to read. [potion of mutation]
  4388 | D:4      | Gained mutation: You are partially covered in thin metallic scales. (AC +2) [potion of mutation]
  4388 | D:4      | Gained mutation: You are partially covered in large bone plates. (SH +4) [potion of mutation]
  4388 | D:4      | Gained mutation: You are somewhat resistant to further mutation. [potion of mutation]
  4414 | D:4      | Killed Ijyb
  4720 | D:4      | Reached skill level 1 in Staves
  4802 | D:5      | Entered Level 5 of the Dungeon
  5336 | D:5      | Reached skill level 7 in Fighting
  5711 | D:5      | Identified the Disquisition on the Doomed Compass
  5901 | D:5      | Noticed Prince Ribbit
  5926 | D:5      | Killed Prince Ribbit
  5926 | D:5      | Reached XP level 9. HP: 67/96 MP: 4/19
  6031 | D:5      | Reached skill level 8 in Fighting
  6191 | D:6      | Learned a level 1 spell: Animate Skeleton
  6195 | D:6      | Learned a level 3 spell: Inner Flame
  6253 | D:6      | Learned a level 4 spell: Control Undead
  6263 | D:6      | Noticed Duvessa
  6263 | D:6      | Noticed Dowan
  6296 | D:6      | Killed Duvessa
  6355 | D:6      | Killed Dowan
  6372 | D:6      | Found a sand-covered staircase.
  6391 | D:6      | Reached skill level 1 in Necromancy
  6637 | Ossuary  | Entered an ossuary
  6713 | Ossuary  | Learned a level 4 spell: Sticky Flame
  8184 | D:6      | Reached skill level 9 in Fighting
  8382 | D:6      | Found a shimmering altar of Xom.
  8470 | D:6      | Found a shattered altar of Ashenzari.
  8475 | D:6      | Found a hazy altar of Hepliaklqana.
  8590 | D:6      | Reached XP level 10. HP: 95/107 MP: 12/22
  8760 | D:6      | You fall through a shaft for 2 floors!
  8762 | D:8      | Noticed Grum
  8763 | D:8      | Noticed Joseph
  8789 | D:8      | Killed Joseph
  8789 | D:8      | Reached skill level 5 in Staves
 10574 | D:7      | Found Geluhasa's Jewellery Boutique.
 11505 | D:7      | Bought an uncursed ring of magical power for 260 gold pieces
 11546 | D:7      | Reached skill level 10 in Fighting
 11666 | D:7      | Found a staircase to the Ecumenical Temple.
 11687 | Temple   | Entered the Ecumenical Temple
 12134 | D:7      | Killed Grum
 12346 | D:7      | Reached XP level 11. HP: 62/117 MP: 16/24
 12755 | D:8      | Noticed Maurice
 12795 | D:8      | Killed Maurice
 13550 | D:9      | Gained mutation: Your spells are a little easier to cast, but a little less powerful. [mutagenic meat]
 13551 | D:9      | Lost mutation: Scrolls take you a little longer to read. [mutagenic meat]
 13632 | D:9      | Noticed an oklob plant
 13633 | D:9      | Found an ancient bone altar of Kikubaaqudgha.
 14288 | D:9      | Noticed Psyche
 14296 | D:9      | Killed Psyche
 14757 | D:9      | Got an ancient flail
 14758 | D:9      | Identified the +10 flail "Gyeme" {freeze, rElec Str+2} (You found it on level 9 of the Dungeon)
 15638 | D:9      | Reached skill level 10 in Spellcasting
 15805 | D:9      | Found Foshryzyx's Magic Scroll Shop.
 15812 | D:9      | Bought a scroll of blinking for 105 gold pieces
 15812 | D:9      | Bought a scroll of remove curse for 42 gold pieces
 15812 | D:9      | Bought a scroll of summoning for 133 gold pieces
 15851 | D:9      | Found a staircase to the Lair.
 15898 | D:9      | Reached skill level 5 in Dodging
 16261 | D:9      | Killed an oklob plant
 16415 | D:10     | Entered Level 10 of the Dungeon
 16424 | D:10     | Reached skill level 5 in Necromancy
 16515 | D:10     | Noticed Chifra's ghost (novice DsGl)
 16727 | D:10     | Killed Chifra's ghost
 16867 | D:10     | Got a steaming trident
 16868 | D:10     | Identified the +6 trident of Ivaxzie {pierce, rElec Int+4 Dex+2} (You found it on level 10 of the Dungeon)
 17046 | D:10     | Found a staircase to the Orcish Mines.
 17129 | D:10     | Learned a level 5 spell: Fireball
 17136 | D:10     | Learned a level 6 spell: Death Channel
 17196 | Lair:1   | Entered Level 1 of the Lair of Beasts
 17211 | Lair:1   | Reached skill level 11 in Fighting
 17273 | Lair:1   | Reached XP level 12. HP: 59/129 MP: 12/26
 18192 | Lair:1   | Noticed a four-headed hydra
 18198 | Lair:1   | Killed a four-headed hydra
 20053 | Lair:2   | Found a hole to the Spider Nest.
 20071 | Lair:2   | HP: 3/129 [jumping spider (15)]
 20072 | Lair:2   | HP: 1/129 [jumping spider (2)]
 20073 | Lair:2   | Demolished by a jumping spider

Skill      XL: |  1  2  3  4  5  6  7  8  9 10 11 12 |
---------------+-------------------------------------+-----
Fighting       | 1 2 3 4 6 7 9 10 11 | 11.6
Fire Magic     | 3 4 5 6 7 8 9 |  9.2
Spellcasting   | 3 4 5 7 8 9 10 | 10.8
Staves         | 3 4 5 7 |  7.7
Necromancy     | 2 4 5 6 |  6.4
Dodging        | 2 4 5 6 |  6.3
Stealth        | |  1.4
Conjurations   | |  0.8

Action                   |  1- 3 |  4- 6 |  7- 9 | 10-12 || total
-------------------------+-------+-------+-------+-------++-------
Melee: Unarmed           |    16 |     6 |       |       ||    22
       Scythe            |       |    23 |    83 |       ||   106
       Quarterstaff      |       |       |   121 |   319 ||   440
       Flail             |       |       |       |    14 ||    14
 Cast: Flame Tongue      |    48 |   115 |   392 |   339 ||   894
       Conjure Flame     |       |     2 |     8 |     8 ||    18
       Animate Skeleton  |       |       |     5 |    41 ||    46
       Inner Flame       |       |       |     4 |    13 ||    17
       Sticky Flame      |       |       |       |    81 ||    81
       Death Channel     |       |       |       |     5 ||     5
       Control Undead    |       |       |       |     1 ||     1
Evoke: Wand              |       |       |       |     2 ||     2
  Use: Potion            |       |     3 |     5 |     5 ||    13
       Scroll            |       |       |    10 |    15 ||    25
 Stab: Sleeping          |       |       |     1 |     1 ||     2
       Distracted        |       |       |       |     1 ||     1
  Eat: Chunk             |       |     6 |    13 |    30 ||    49
       Bread ration      |       |       |     1 |     4 ||     5
       Fruit             |       |       |       |     1 ||     1
Armor: Robe              |    10 |    14 |   124 |   174 ||   322
       Skin              |       |    16 |       |       ||    16
Dodge: Dodged            |    15 |    45 |   190 |   363 ||   613
Block: Other             |       |       |    59 |   134 ||   193
